 Dungeon Crawl Stone Soup version 0.21-a0-538-gd16b88a (webtiles) character file.

113 mortelune the Firebug (level 4, 0/33 HPs)
             Began as a Draconian Fire Elementalist on Dec 16, 2017.
             Slain by a sky beast (5 damage)
             ... on level 2 of the Dungeon.
             The game lasted 00:09:58 (3737 turns).

mortelune the Firebug (Draconian Fire Elementalist) Turns: 3737, Time: 00:09:59

Health: 0/33       AC:  5    Str: 10    XL:     4   Next: 65%
Magic:  0/8        EV: 12    Int: 17    God:
Gold:   90         SH:  0    Dex: 11    Spells: 2/8 levels left

rFire    . . .     SeeInvis .   n - +0 trident
rCold    . . .     Gourm    .   (no shield)
rNeg     . . .     Faith    .   (armour unavailable)
rPois    .         Spirit   +   (helmet restricted)
rElec    .         Reflect  .   (no cloak)
rCorr    .         Harm     .   (no gloves)
MR       .....     Rnd*Tele +   (no boots)
Stlth    ++........             g - amulet of guardian spirit
HPRegen  0.11/turn              m - ring of teleportation (curse)
MPRegen  0.11/turn              (no ring)

@: no status effects
A: unfitting armour, cold-blooded, AC +5
a: no special abilities


You were on level 2 of the Dungeon.
You were not hungry.

You visited 1 branch of the dungeon, and saw 3 of its levels.

You collected 90 gold pieces.

Inventory:

Hand Weapons
 j - a +1 mace
 n - a +0 trident (weapon)
 o - a +2 whip of venom
 s - a cursed -1 dagger
Jewellery
 g - an amulet of guardian spirit (around neck)
 m - a cursed ring of teleportation (left hand)
Scrolls
 d - a scroll of identify
 e - a scroll of enchant armour
 k - 2 scrolls of teleportation
 t - a scroll of fear
 u - a scroll of blinking {unknown}
Potions
 c - a potion of brilliance
 i - 3 potions of mutation {unknown}
 p - a potion of curing
 r - a potion of berserk rage {unknown}
Books
 a - a book of Flames

   Spells                             Type                      Level
   a - Flame Tongue                   Conjuration/Fire             1
   b - Throw Flame                    Conjuration/Fire             2
   c - Conjure Flame                  Conjuration/Fire             3
   d - Inner Flame                    Hexes/Fire                   3
   e - Sticky Flame                   Conjuration/Fire             4
   f - Fireball                       Conjuration/Fire             5
Comestibles
 b - 3 bread rations
 f - 2 meat rations
 h - a royal jelly
 l - 3 fruits
 q - 3 chunks of flesh


   Skills:
 - Level 1.7 Dodging
 - Level 1.7 Stealth
 + Level 2.7 Spellcasting
 * Level 3.3 Conjurations
 + Level 3.7 Fire Magic


You had 2 spell levels left.
You knew the following spells:

 Your Spells              Type           Power        Failure   Level  Hunger
a - Flame Tongue          Conj/Fire      ##...        4%          1    #......
b - Throw Flame           Conj/Fire      ##....       6%          2    ##.....
c - Conjure Flame         Conj/Fire      ##......     13%         3    ###....


Dungeon Overview and Level Annotations

Branches:
Dungeon (3/15)

Altars:
Elyvilon


Innate Abilities, Weirdness & Mutations

Your plain brown scales are hard. (AC +5)
You cannot fit into any form of body armour.
You are cold-blooded and may be slowed by cold attacks.


Message History

The sky beast flickers out of sight!
Deactivating autopickup; reactivate with Ctrl-A.
There is a stone staircase leading up here.
Something hits you. Something shocks you.
* * * LOW HITPOINT WARNING * * *
You climb upwards.
There is a stone staircase leading down here.
You can't go up here!
A sky beast appears from thin air!
Reactivating autopickup.
The sky beast misses you.
You climb downwards.
There is a stone staircase leading up here.
The sky beast completely misses you.
You climb upwards.
There is a stone staircase leading down here.
The sky beast hits you.
* * * LOW HITPOINT WARNING * * *
The sky beast shocks you.
You die...

#(####.###.#####.####
#.#.....##.##.......#
#.#.##..##.##.##.##.#
#.#.##..##.##.##.##.#
#.......##.......##.#
##.)###.......#####.#
#.## ######### #.#### #.#
####### #....# #.#
#...@># ####.# #.#
#.<.Y.# #.# ###<#####
#.....# ###.# #.......#
#..(..#####..<# #.#(###.#
#......(()(.#.#
#..(....############....#
#.....(......# #.#.##
#....#######.## #(#.#
#.#..#.....#..# #.#.#


You could see a sky beast.

Vanquished Creatures
  3 adders
  A worm (D:2)
  4 dart slugs
  2 leopard geckos
  An orc (D:3)
  5 bats
  2 giant cockroaches
  11 goblins
  5 hobgoblins
  11 jackals
  13 kobolds
  A ball python (D:2)
  4 frilled lizards
  7 rats
70 creatures vanquished.

Notes
Turn   | Place    | Note
-------+----------+-------------------------------------------
     0 | D:1      | mortelune the Draconian Fire Elementalist began the quest for the Orb.
     0 | D:1      | Reached XP level 1. HP: 14/14 MP: 3/3
   120 | D:1      | Reached XP level 2. HP: 9/20 MP: 0/5
   124 | D:1      | Learned a level 2 spell: Throw Flame
  1313 | D:1      | Reached XP level 3. HP: 26/26 MP: 3/6
  1318 | D:1      | Learned a level 3 spell: Conjure Flame
  2326 | D:2      | Reached XP level 4. HP: 33/33 MP: 3/7
  3495 | D:3      | Found a white marble altar of Elyvilon.
  3690 | D:3      | Noticed a sky beast
  3737 | D:2      | Slain by a sky beast

Vault maps used:
D:1:      dpeg_arrival_oval
D:2:      minmay_split_cup_large
D:3:      elyvilon_altar_3

Skill      XL: |  1  2  3  4 |
---------------+-------------+-----
Conjurations   | 2 3 |  3.3
Dodging        | |  1.7
Stealth        | |  1.7
Spellcasting   | |  2.7
Fire Magic     | |  3.7

Action                   |  1- 3 |  4- 6 || total
-------------------------+-------+-------++-------
Melee: Club              |     9 |       ||     9
       Tailslap          |     2 |     2 ||     4
       Mace              |    23 |     6 ||    29
       Trident           |       |     7 ||     7
 Cast: Flame Tongue      |    69 |    21 ||    90
       Throw Flame       |    13 |    12 ||    25
  Use: Scroll            |       |     6 ||     6
       Potion            |       |     2 ||     2
  Eat: Chunk             |     6 |     5 ||    11
Armor: Skin              |    30 |    11 ||    41
Dodge: Dodged            |    63 |    16 ||    79

Table legend:
 A = Spawn XP
 B = Non-spawn XP
 C = Spawn XP percentage of total XP
 D = Spawn monster count
 E = Non-spawn monster count
 F = Spawn count percentage of total count
 G = Total turns spent on level
                    A         B        C        D         E        F      G
               +---------+---------+-------+---------+---------+-------+---------
         Total |       0 |     162 |   0.0 |       0 |      70 |   0.0 |  3737
               +---------+---------+-------+---------+---------+-------+---------
           D:1 |       0 |      44 |   0.0 |       0 |      24 |   0.0 |  1503
           D:2 |       0 |      85 |   0.0 |       0 |      34 |   0.0 |  1574
           D:3 |       0 |      33 |   0.0 |       0 |      12 |   0.0 |   660
               +---------+---------+-------+---------+---------+-------+---------
